 Dungeon Crawl Stone Soup version 0.27.1-34-g3ba077fa99 (webtiles) character file.

Game seed: 18085347024098904448

811 alasdair19 the Slasher (level 7, -3/61 HPs)
             Began as a Minotaur Fighter on Jan 15, 2022.
             Killed from afar by a steam dragon (14 damage)
             ... with a ball of steam
             ... on level 5 of the Dungeon.
             The game lasted 00:12:23 (4667 turns).

alasdair19 the Slasher (Minotaur Fighter)           Turns: 4667, Time: 00:12:23

Health: -3/61      AC: 13    Str: 22    XL:     7   Next: 61%
Magic:  6/6        EV:  8    Int:  6    God:
Gold:   341        SH: 10    Dex:  9    Spells: 6/6 levels left

rFire    . . .     SeeInvis .   e - +0 long sword
rCold    + . .     Faith    .   c - +0 kite shield
rNeg     . . .     Spirit   .   i - +0 plate armour
rPois    .         Reflect  .   (helmet restricted)
rElec    .         Harm     .   m - +0 cloak
rCorr    .         Rampage  .   (no gloves)
Will     .....                  (no boots)
Stlth    ..........             (no amulet)
HPRegen  0.20/turn              z - ring of protection from cold
MPRegen  0.10/turn              A - +4 ring of evasion

@: hasted, very quick
A: horns 2, retaliatory headbutt
a: no special abilities


You were on level 5 of the Dungeon.
You visited 1 branch of the dungeon, and saw 5 of its levels.
You also visited: Sewer.

You collected 369 gold pieces.
You spent 28 gold pieces at shops.

Inventory:

Hand Weapons
 e - a +0 long sword (weapon)
 q - a +0 hunting sling of freezing
Missiles
 k - 7 silver javelins (quivered)
 o - 5 sling bullets
Armour
 b - a +0 scale mail
 c - a +0 kite shield (worn)
 i - a +0 plate armour (worn)
 m - a +0 cloak (worn)
Jewellery
 z - a ring of protection from cold (left hand)
 A - a +4 ring of evasion (right hand)
Scrolls
 a - 5 scrolls of fog
 g - a scroll of vulnerability {unknown}
 p - a scroll of silence {unknown}
 s - a scroll of enchant weapon {unknown}
 t - a scroll of fear {unknown}
 u - a scroll of immolation {unknown}
 w - a scroll of teleportation
 x - a scroll of enchant armour {unknown}
 y - a scroll of amnesia {unknown}
Potions
 d - a potion of might
 f - a potion of haste
 h - 4 potions of flight
 j - 3 potions of curing
 l - 3 potions of heal wounds {unknown}
 n - a potion of lignification {unknown}
 r - a potion of berserk rage {unknown}
 v - a potion of invisibility {unknown}


   Skills:
 + Level 5.1 Fighting
 + Level 6.7 Long Blades
 * Level 2.1 Slings
 + Level 5.8 Armour
 + Level 6.0 Shields


You had 6 spell levels left.
You didn't know any spells.
Your spell library contained the following spells:

 Spells                   Type           Power      Damage    Failure   Level
 Sting                    Tmut/Pois      0%         1d3       100%        1
 Poisonous Vapours        Pois/Air       0%         N/A       100%        2
 Olgreb's Toxic Radiance  Pois           0%         N/A       100%        4


Dungeon Overview and Level Annotations

Branches:
Dungeon (5/15)              Sewer (visited)
 Temple: D:4-7

Altars:

Shops:
D:2 *


Innate Abilities, Weirdness & Mutations

You have a pair of horns on your head.
You reflexively headbutt those who attack you in melee.


Message History

You feel yourself speed up.
The sentinel's mark upon you fades away.
You block the steam dragon's attack. x2; The steam dragon bites you.
* * * LOW HITPOINT WARNING * * *
The steam dragon barely misses you.
Really attack while wielding your +0 hunting sling of freezing?
Okay, then.
Your +0 hunting sling of freezing stops glowing.
e - a +0 long sword (weapon)
The steam dragon closely misses you.
You riposte.
You hit the steam dragon. Your headbutt misses the steam dragon.
The steam dragon is lightly wounded.
The steam dragon barely misses you.
Okay, then.
You closely miss the steam dragon.
The steam dragon bites you but does no damage.
You block the steam dragon's attack. x2
The steam dragon claws you but does no damage.
You hit the steam dragon.
The steam dragon is lightly wounded.
You block the steam dragon's attack. The steam dragon completely misses you.
You hit the steam dragon. You headbutt the steam dragon.
The steam dragon is moderately wounded.
The steam dragon closely misses you. The steam dragon claws you.
* * * LOW HITPOINT WARNING * * *
You hit the steam dragon but do no damage.
Your headbutt misses the steam dragon.
The steam dragon is moderately wounded.
The steam dragon breathes steam at you. The ball of steam hits you.
* * * LOW HITPOINT WARNING * * *
The steam dragon barely misses you. You furiously retaliate!
You headbutt the steam dragon, but do no damage.
You riposte.
You barely miss the steam dragon.
The steam dragon is lightly wounded.
You block the steam dragon's attack. The steam dragon barely misses you.
You block the steam dragon's attack. The steam dragon breathes steam at you.
The ball of steam hits you!
You die...

.# #....#.##≈^≈.PP#.....# .#
#####....#.##≈≈^.PP#...#.### .#
#..........##......##....... ##
#.###.#.##.##......##......#
####........§.......(..........
#...........§.##.#..#.#.......#
#.##.##.##.##§##).....#......##
#....##.##....§D.#....†........
#..#..........@D.#......#######
#(......##..#.##.###.####
##.######.#...##.# #.# #.#
###..####.###.### #.#
#.....###.......# #.###
#..........##.#.# #...#
#.....####[##.#.# ###.# #.....#
#.##.#.# #.# #.....# #.##.#)#


You could see 2 steam dragons.

Vanquished Creatures
  A sky beast (D:5)
  A black bear (D:5)
  A phantom (D:5)
  Blork the orc (D:4)
  A water moccasin skeleton (D:5)
  A hound (D:4)
  An iguana (D:4)
  2 orc wizards
  A killer bee zombie (D:5)
  Robin (D:4)
  3 gnolls (D:4)
  11 adders
  2 white imps (D:5)
  An adder skeleton (D:2)
  8 worms
  3 dart slugs
  8 orcs
  7 ball pythons
  15 bats
  9 endoplasms
  A giant cockroach (D:4)
  11 goblins
  7 hobgoblins
  13 jackals
  6 kobolds
  3 quokkas
  7 frilled lizards
  4 rats
130 creatures vanquished.

Vanquished Creatures (others)
  An orc (D:5)
  A fungus (D:5)
2 creatures vanquished.

Grand Total: 132 creatures vanquished

Notes
Turn   | Place    | Note
-------+----------+-------------------------------------------
     0 | D:1      | alasdair19 the Minotaur Fighter began the quest for the
                  | Orb.
     0 | D:1      | Reached XP level 1. HP: 19/19 MP: 0/0
    36 | D:1      | Reached XP level 2. HP: 14/27 MP: 1/1
   516 | D:1      | Reached XP level 3. HP: 33/33 MP: 2/2
   830 | D:2      | Found Ryphupt's General Store.
   874 | D:2      | Bought a scroll of identify for 28 gold pieces
  1077 | D:2      | Reached XP level 4. HP: 34/40 MP: 3/3
  1877 | D:3      | Reached XP level 5. HP: 46/46 MP: 4/4
  2372 | D:4      | Noticed Robin
  2381 | D:4      | Killed Robin
  2478 | D:4      | Noticed Blork the orc
  2487 | D:4      | Killed Blork the orc
  2488 | D:4      | Reached skill level 5 in Long Blades
  2488 | D:4      | Reached skill level 5 in Armour
  2488 | D:4      | Reached skill level 5 in Shields
  2488 | D:4      | Reached XP level 6. HP: 31/53 MP: 5/5
  2740 | D:4      | Found a glowing drain.
  2761 | Sewer    | Entered a sewer
  3949 | D:5      | Entered Level 5 of the Dungeon
  4076 | D:5      | Noticed a sky beast
  4087 | D:5      | Killed a sky beast
  4088 | D:5      | Reached skill level 1 in Slings
  4088 | D:5      | Reached XP level 7. HP: 52/60 MP: 6/6
  4218 | D:5      | Reached skill level 5 in Fighting
  4651 | D:5      | Noticed a steam dragon
  4658 | D:5      | Noticed a steam dragon
  4667 | D:5      | Killed from afar by a steam dragon

Illustrated notes

Levels and vault maps discovered:
D:1:      saegor_arrival_simple_b, layout_basic, minmay_surrounded
D:2:      layout_basic, serial_shops, shop
D:3:      layout_basic, kennysheep_generic_room_15
D:4:      layout_loops_cross, gup_sewer_entry_glass,
          chequers_serial_rivers_micro_b, uniq_robin, uniq_blork_the_orc
D:5:      kennysheep_steamy, layout_loops_cross

Skill      XL: |  1  2  3  4  5  6  7 |
---------------+----------------------+-----
Armour         | 4 5 |  5.8
Shields        | 4 5 6 |  6.0
Fighting       | 4 5 |  5.1
Long Blades    | 3 4 5 6 |  6.7
Slings         | 1 2 |  2.1

Action                   |  1- 3 |  4- 6 |  7- 9 || total
-------------------------+-------+-------+-------++-------
Melee: Long sword        |    79 |   250 |    45 ||   374
       Headbutt          |     7 |    31 |    13 ||    51
 Fire: Hunting sling     |       |     4 |     8 ||    12
Throw: Javelin           |       |     1 |       ||     1
  Use: Scroll            |     1 |     5 |       ||     6
       Potion            |       |     5 |     1 ||     6
Armor: Scale mail        |    35 |       |       ||    35
       Plate armour      |     7 |   219 |    32 ||   258
Dodge: Dodged            |    34 |    46 |    15 ||    95
Block: Kite shield       |    59 |   204 |    35 ||   298
       Rpst.: Long sword |    12 |     7 |     4 ||    23
